 Dungeon Crawl Stone Soup version 0.30-a0-737-gf23d94013f (webtiles) character file.

Game seed: 11614412740843058370

3164 DeathSun the Grappler (level 9, -11/106 HPs)
             Began as a Grey Draconian Transmuter on Feb 2, 2023.
             Was a Priest of Ignis.
             Mangled by an orc knight
             ... wielding a +0 glaive
              (34 damage)
             ... in a bailey.
             The game lasted 00:11:54 (6153 turns).

DeathSun the Grappler (Grey Draconian Transmuter)   Turns: 6153, Time: 00:11:55

Health: -11/106    AC: 31    Str: 17      XL:     9   Next: 63%
Magic:  10/12      EV:  2    Int: 13 (14) God:    Ignis [***...]
Gold:   320        SH:  0    Dex: 10 (11) Spells: 9/12 levels left

rFire   + . .      SeeInvis .      - Unarmed
rCold   . . .      Faith    .    (no shield)
rNeg    . . .      Spirit   .    (body armour unavailable)
rPois   +          Reflect  .    (helmet currently unavailable)
rElec   .          Harm     .    (cloak currently unavailable)
rCorr   .          Rampage  .    (gloves currently unavailable)
Will    ++...      NoTele   +    (boots currently unavailable)
Stlth   +                        (no amulet)
HPRegen 0.37/turn                n - ring of Melee {Will++ EV+5}
MPRegen 0.13/turn                (no ring)

@: tree-form, wereblooded, fiery-armoured
A: stationary, stasis, torment immunity, boosted hp, AC +12, (amphibious),
unfitting armour, (cold-blooded)
a: Renounce Religion, Fiery Armour, Foxfire Swarm, Rising Flame


You were in a bailey.
You worshipped Ignis.
Ignis was most pleased with you.
You were a tree.
You visited 1 branch of the dungeon, and saw 7 of its levels.
You also visited: Sewer and Bailey.

You collected 320 gold pieces.

Inventory:

Missiles
 b - a throwing net
 s - 21 poisoned darts (quivered)
 y - 4 curare-tipped darts
Armour
 j - a scarf of shadows (melded)
 D - a +0 pair of gloves (melded)
Magical Staves
 G - a staff of earth
Jewellery
 n - the ring of Melee (left branch) {Will++ EV+5}
   (You found it on level 3 of the Dungeon)

   [ring of evasion]

   EV:        It affects your evasion (+5).
   Will:      It greatly increases your willpower.
 p - an amulet of magic regeneration
 C - an amulet of faith
Wands
 q - a wand of flame (32)
 E - a wand of iceblast (10)
Scrolls
 c - 4 scrolls of identify {unknown}
 e - 2 scrolls of silence {unknown}
 f - 3 scrolls of enchant armour
 g - a scroll of torment {unknown}
 h - a scroll of teleportation {unknown}
 k - a scroll of brand weapon {unknown}
 l - a scroll of poison {unknown}
 m - 4 scrolls of enchant weapon {unknown}
 o - a scroll of immolation {unknown}
 v - 2 scrolls of amnesia {unknown}
 F - a scroll of fog {unknown}
Potions
 d - a potion of degeneration
 i - a potion of brilliance {unknown}
 r - 2 potions of berserk rage {unknown}
 t - 2 potions of heal wounds
 u - a potion of cancellation {unknown}
 w - 2 potions of experience {unknown}
 x - a potion of mutation {unknown}
 z - 2 potions of curing {unknown}
 A - a potion of might {unknown}
 B - a potion of flight {unknown}
 H - a potion of magic {unknown}


   Skills:
 - Level 4.0 Fighting
 - Level 1.7 Dodging
 * Level 12.5 Unarmed Combat
 - Level 2.0 Spellcasting
 - Level 5.0 Transmutations


You had 9 spell levels left.
You knew the following spells:

 Your Spells              Type           Power      Damage    Failure   Level
a - Beastly Appendage     Tmut           28%        N/A       3%          1
b - Wereblood             Tmut           14%        N/A       4%          2

Your spell library contained the following spells:

 Spells                   Type           Power      Damage    Failure   Level
 Freeze                   Ice            4%         1d3       26%         1
 Spider Form              Tmut/Pois      7%         N/A       26%         3
 Cigotuvi's Dreadful Rot  Necr/Pois/Air  2%         N/A       36%         2
 Poisonous Vapours        Pois/Air       2%         N/A       36%         2
 Frozen Ramparts          Ice            2%         1d1       58%         3
 Hailstorm                Conj/Ice       1%         3d3       58%         3
 Mephitic Cloud           Conj/Pois/Air  1%         N/A       58%         3
 Ozocubu's Armour         Ice            1%         N/A       58%         3
 Ice Form                 Ice/Tmut       7%         N/A       65%         4
 Ozocubu's Refrigeration  Ice            0%         4d7       100%        7


Dungeon Overview and Level Annotations

Branches:
Dungeon (7/15)             Temple (0/1) D:6           Sewer (visited)
 Bailey (1/1)

Altars:
Fedhas
Makhleb
Qazlal
Ru
Ignis

Shops:
D:2 [

Portals:
Abyss: D:6

Annotations:
D:6 2 transporters, Sigmund; alexxx's ghost, novice DESu


Innate Abilities, Weirdness & Mutations

You are a tree.
Your roots penetrate the ground, keeping you stationary.
You cannot be teleported.
You are immune to unholy pain and torment.
Your maximum health is greatly increased.
Your equipment is partially melded.
((Your dull iron-grey scales are very hard. (AC +12)))
((You are amphibious.))
You cannot fit into any form of body armour.
((You are cold-blooded and may be slowed by cold attacks.))


Message History

The orc knight hits you with a +0 halberd.
The orc knight is burned by your cloak of flames.
The orc knight is lightly wounded.
There is an open door, spattered with blood here.
You closely miss the orc warrior. Your headbutt misses the orc warrior.
Your tail-slap misses the orc warrior.
The orc warrior is heavily wounded.
You hit the orc knight but do no damage.
Your kick misses the orc knight.
The orc knight is lightly wounded.
The orc knight hits you with a +0 glaive!
* * * LOW HITPOINT WARNING * * *
The orc knight is burned by your cloak of flames.
The orc knight is lightly wounded.
The orc warrior hits you but does no damage.
The orc warrior is burned by your cloak of flames.
The orc warrior is severely wounded.
The orc warrior misses you. The orc knight misses you.
You hit the orc knight but do no damage.
You claw the orc knight, but do no damage.
The orc knight is lightly wounded.
The orc knight closely misses you. The orc warrior closely misses you.
The orc warrior hits you but does no damage.
The orc knight barely misses you.
You feel much better. The orc knight closely misses you.
The orc warrior hits you but does no damage. x2
The orc warrior is burned by your cloak of flames.
The orc warrior is lightly wounded.
The orc knight hits you with a +0 halberd!!
* * * LOW HITPOINT WARNING * * *
The orc knight is burned by your cloak of flames.
The orc knight is lightly wounded.
Really quaff the potion of lignification?
Your horns disappear.
Your talons disappear.
You turn into a tree.
Your scarf of shadows melds into your body.
Your +0 pair of gloves melds into your body.
The dungeon's light returns to normal.
Your roots penetrate the ground.
The orc knight hits you with a +0 glaive!!
You die...

..≈##.##≈...............≈##.##≈..
..≈#.....................))).#≈..
..≈##.∩#≈...............≈#∩.##≈..
..≈≈#)##≈....#######....≈##.#≈≈..
...≈≈.≈≈≈...##....##....≈≈≈.≈≈...
...........##.....##.............
..........##..#'''##.............
..........#..##o)∩##..##.........
.........##.####♣####.##.........
.........##.'.#ooo#)'.##.........
.........##.###._.###.##.........
.........##.'.#?.)#.'.##.........
.........##.#########.##.........
..........#..##)#)##..#..........
..........##..#'#'#..##..........
...........##.......##.......)...
...≈≈.≈≈≈...#########...≈≈≈.≈≈...


You could see 2 orc knights and 2 orc warriors.

Vanquished Creatures
  Prince Ribbit (D:5)
  A shadow (D:6)
  Eustachio (D:5)
  Edmund (D:4)
  An acid dragon (D:6)
  8 orc warriors (Bailey)
  A sky beast (D:6)
  2 black bears
  2 phantoms
  3 kobold brigands (Sewer)
  A bullfrog (D:7)
  3 scorpions
  A necrophage (D:6)
  7 hounds
  4 jellies
  3 orc priests
  An orc wizard (D:6)
  A hound zombie (D:3)
  A hound skeleton (D:3)
  Robin (D:4)
  4 gnolls
  10 adders
  A white imp (D:5)
  2 ufetubi
  2 adder skeletons (D:3)
  A worm (D:4)
  2 dart slugs (D:2)
  19 orcs
  4 endoplasms
  2 giant cockroaches
  14 goblins
  9 hobgoblins
  4 jackals (D:2)
  18 kobolds
  8 ball pythons
  A bat (Sewer)
  5 frilled lizards
  2 giant cockroach zombies (D:3)
  6 rats
158 creatures vanquished.

Vanquished Creatures (others)
  22 foxfires
22 creatures vanquished.

Grand Total: 180 creatures vanquished

Notes
Turn   | Place    | Note
-------+----------+-------------------------------------------
     0 | D:1      | DeathSun the Draconian Transmuter began the quest for the
                  | Orb.
     0 | D:1      | Reached XP level 1. HP: 16/16 MP: 3/3
   137 | D:1      | Reached XP level 2. HP: 23/23 MP: 3/5
   937 | D:2      | Reached XP level 3. HP: 26/28 MP: 4/6
   968 | D:2      | Reached skill level 4 in Unarmed Combat
   979 | D:2      | Found Feafex's Armour Boutique.
  1611 | D:2      | Reached XP level 4. HP: 28/35 MP: 5/7
  1772 | D:3      | Identified the ring of Melee {Will++ EV+5}
  1807 | D:3      | Found a faded altar of an unknown god.
  1818 | D:3      | Prayed at the altar of an unknown god.
  1818 | D:3      | Became a worshipper of Ignis, the Dying Flame
  2090 | D:3      | Found a stormy altar of Qazlal.
  2134 | D:3      | Found a burning altar of Makhleb.
  2332 | D:4      | Found a glowing drain.
  2409 | D:4      | Reached skill level 5 in Unarmed Combat
  2410 | D:4      | Reached XP level 5. HP: 40/40 MP: 8/8
  2476 | Sewer    | Entered a sewer
  2602 | Sewer    | Reached skill level 6 in Unarmed Combat
  2602 | Sewer    | Reached XP level 6. HP: 35/47 MP: 9/9
  2940 | D:4      | Your scales start taking on a dull iron-grey colour.
  2940 | D:4      | Reached XP level 7. HP: 49/52 MP: 10/10
  3078 | D:4      | Noticed Edmund
  3092 | D:4      | Killed Edmund
  3093 | D:4      | Reached skill level 7 in Unarmed Combat
  3180 | D:4      | Noticed Robin
  3185 | D:4      | Killed Robin
  3257 | D:4      | Reached skill level 5 in Transmutations
  3260 | D:4      | Learned a level 2 spell: Wereblood
  3565 | D:5      | Entered Level 5 of the Dungeon
  3581 | D:5      | Reached skill level 8 in Unarmed Combat
  3705 | D:5      | Found a blossoming altar of Fedhas.
  3716 | D:5      | Noticed Prince Ribbit
  3730 | D:5      | Killed Prince Ribbit
  3731 | D:5      | Reached XP level 8. HP: 24/59 MP: 8/11
  3886 | D:5      | Reached skill level 9 in Unarmed Combat
  3928 | D:5      | Identified the +5 flail of Deflation {holy, rF- Will++
                  | rCorr Str+3}
  4074 | D:5      | Noticed Eustachio
  4086 | D:5      | Killed Eustachio
  4363 | D:6      | Reached skill level 10 in Unarmed Combat
  4364 | D:6      | Noticed Sigmund
  4527 | D:6      | Found a staircase to the Ecumenical Temple.
  5092 | D:6      | Reached XP level 9. HP: 41/71 MP: 8/12
  5211 | D:6      | Found a transporter.
  5214 | D:6      | Found a transporter.
  5228 | D:6      | Found a one-way gate to the infinite horrors of the Abyss.
  5228 | D:6      | Noticed alexxx's ghost (novice DESu)
  5228 | D:6      | Noticed an ice devil
  5292 | D:6      | Found a sacrificial altar of Ru.
  5376 | D:6      | Reached skill level 11 in Unarmed Combat
  5551 | D:6      | Noticed a toenail golem
  5662 | D:7      | Found a flagged portal.
  5684 | Bailey   | Entered a bailey
  5777 | Bailey   | Reached skill level 12 in Unarmed Combat
  6141 | Bailey   | Noticed an orc knight
  6141 | Bailey   | Noticed an orc knight
  6153 | Bailey   | Mangled by an orc knight

Illustrated notes

Levels and vault maps discovered:
D:1:      reono_arrival_forest_river, layout_basic
D:2:      layout_basic, serial_shops, shop_statue
D:3:      layout_basic, marbit_many_paths, mainiacjoe_overflow_tiny_flanked,
          hellmonk_ecumenical_altar_zigzags, serial_undead, serial_undead_e,
          serial_undead_c, serial_undead_a, serial_undead_c, serial_undead_c,
          serial_undead_c, serial_undead_c
D:4:      black_bear_nest_1, layout_loops_cross, gup_sewer_entry_glass,
          uniq_robin, uniq_edmund
D:5:      layout_cave_pools, fedhas_altar_1, uniq_prince_ribbit1, uniq_eustachio
D:6:      layout_basic, nicolae_ru_awakened_eye,
          minmay_temple_entry_glassed_door, gammafunk_ghost_abyssal_escape,
          serial_bayou_crossing, uniq_sigmund
D:7:      layout_rooms, okawaru_humans, mainiacjoe_overflow_24_doors,
          enter_bailey_5, mrwooster_statue_mirror
Bailey:   bailey_polearm_2, bailey

Skill      XL: |  1  2  3  4  5  6  7  8  9 |
---------------+----------------------------+-----
Unarmed Combat | 4 5 6 8 10 12 | 12.5
Transmutations | 3 4 5 |  5.0
Fighting       | 4 |  4.0
Dodging        | |  1.7
Spellcasting   | |  2.0

Action                     |  1- 3 |  4- 6 |  7- 9 || total
---------------------------+-------+-------+-------++-------
  Melee: Unarmed           |    73 |   130 |   262 ||   465
         Kick              |     9 |    17 |    63 ||    89
         Tailslap          |     8 |    20 |    39 ||    67
         Headbutt          |    10 |    13 |    30 ||    53
         Punch             |     1 |     3 |     7 ||    11
  Throw: Dart              |       |       |     5 ||     5
   Cast: Beastly Appendage |    20 |    24 |    32 ||    76
         Wereblood         |       |       |    19 ||    19
 Invoke: Fiery Armour      |       |     1 |     1 ||     2
         Foxfire Swarm     |       |       |     3 ||     3
    Use: Potion            |       |     1 |     4 ||     5
   Stab: Sleeping          |       |       |     1 ||     1
 Armour: Skin              |    29 |    53 |   103 ||   185
  Dodge: Dodged            |    53 |   113 |   247 ||   413

Table legend: (Time is in decaauts)
 A = Elapsed time spent in this place.
 B = Non-inter-level travel time spent in this place.
 C = Inter-level travel time spent in this place.
 D = Time resting spent in this place.
 E = Time spent auto-exploring this place.
 F = Levels seen in this place.
 G = Mean time per level.
                   A        B        C        D        E       F      G
               +--------+--------+--------+--------+--------+-----+--------+
         Total |   6120 |   5911 |    209 |      0 |   4729 |   9 |  680.0 |
       Dungeon |   5324 |   5115 |    209 |      0 |   4228 |   7 |  760.6 |
         Sewer |    343 |    343 |      0 |      0 |    209 |   1 |  343.0 |
        Bailey |    452 |    452 |      0 |      0 |    292 |   1 |  452.0 |
               +--------+--------+--------+--------+--------+-----+--------+

Top non-repeatable levels by time:
     D:5: 1019 daAuts
     D:6: 1015 daAuts
     D:4: 981 daAuts
     D:2: 940 daAuts
     D:1: 786 daAuts
     D:3: 527 daAuts
  Bailey: 452 daAuts
   Sewer: 343 daAuts
     D:7: 54 daAuts
